 Dungeon Crawl Stone Soup version 0.23-a0-275-g0cf4261 (webtiles) character file.

12 toffzen the Grave Robber (level 2, 0/19 HPs)
             Began as a Demonspawn Necromancer on Oct 2, 2018.
             Slain by Natasha (5 damage)
             ... on level 2 of the Dungeon.
             The game lasted 00:02:38 (1227 turns).

toffzen the Grave Robber (Demonspawn Necromancer)   Turns: 1227, Time: 00:02:38

Health: 0/19       AC:  2    Str:  8    XL:     2   Next: 20%
Magic:  5/5        EV: 12    Int: 16    God:
Gold:   71         SH:  0    Dex: 13    Spells: 3/5 levels left

rFire    . . .     SeeInvis .   g - +2 whip (vamp)
rCold    + . .     Gourm    .   (no shield)
rNeg     . . .     Faith    .   a - +0 robe
rPois    .         Spirit   .   (no helmet)
rElec    .         Reflect  .   (no cloak)
rCorr    .         Harm     .   (no gloves)
MR       .....                  (no boots)
Stlth    ++........             (no amulet)
HPRegen  0.06/turn              (no ring)
MPRegen  0.09/turn              (no ring)

@: no status effects
A: cold resistance 1
a: no special abilities


You were on level 2 of the Dungeon.
You were not hungry.

You visited 1 branch of the dungeon, and saw 2 of its levels.

You collected 71 gold pieces.

Inventory:

Hand Weapons
 e - a +0 short sword
 g - a +2 vampiric whip (weapon)
Missiles
 b - 26 stones (quivered)
Armour
 a - a +0 robe (worn)
 n - a +0 leather armour
Scrolls
 f - 3 scrolls of identify {unknown}
 i - a scroll of teleportation {unknown}
 k - a scroll of fear {unknown}
 l - a scroll of blinking {unknown}
Potions
 c - 2 potions of curing {unknown}
 j - a potion of flight {unknown}
 m - a potion of degeneration {unknown}
Comestibles
 d - 2 rations
 h - 4 chunks of flesh


   Skills:
 + Level 0.0 Fighting
 - Level 1.7 Dodging
 - Level 1.7 Stealth
 + Level 2.2 Spellcasting
 * Level 4.8 Necromancy


You had 3 spell levels left.
You knew the following spells:

 Your Spells              Type           Power        Failure   Level  Hunger
a - Pain                  Necr           ###.         2%          1    #......
b - Animate Skeleton      Necr           N/A          2%          1    #......

Your spell library contained the following spells:

 Spells                   Type           Power        Failure   Level  Hunger
 Vampiric Draining        Necr           ###.......   9%          3    ###....
 Regeneration             Chrm/Necr      #.........   22%         3    ###....
 Animate Dead             Necr           N/A          26%         4    #####..


Dungeon Overview and Level Annotations

Branches:
Dungeon (2/15)

Altars:

Annotations:
D:2 Natasha


Innate Abilities, Weirdness & Mutations

Your flesh is cold resistant. (rC+)


Message History

Your goblin skeleton closely misses Natasha.
Unknown command.
Unknown command.
You closely miss Natasha.
Natasha is heavily wounded.
Natasha claws you but does no damage.
Your goblin skeleton hits Natasha.
You barely miss Natasha.
Natasha is severely wounded.
Natasha misses you.
Your goblin skeleton hits Natasha.
You barely miss Natasha.
Natasha is severely wounded.
Natasha claws you.
Your goblin skeleton barely misses Natasha.
Natasha claws you.
* * * LOW HITPOINT WARNING * * *
Unknown command.
You barely miss Natasha.
Natasha is severely wounded.
Your goblin skeleton misses Natasha.
Natasha claws you.
You die...

#..........#.####
#..[.......#.#
#..........#.#
#........).#.#
#............#
#########+#.>#
#.## ###+#Z###
#....h@.#
#....##.# #......
.# #.....# .#
#..... .# #.....
.# #..... .# .#


You could see Natasha and a friendly goblin skeleton.

Vanquished Creatures
  A giant cockroach (D:1)
  2 hobgoblins (D:1)
  2 bats
  A frilled lizard (D:1)
  2 goblins
  3 kobolds (D:1)
11 creatures vanquished.

Vanquished Creatures (collateral kills)
  A dart slug (D:1)
  A goblin (D:1)
2 creatures vanquished.

Grand Total: 13 creatures vanquished

Notes
Turn   | Place    | Note
-------+----------+-------------------------------------------
     0 | D:1      | toffzen the Demonspawn Necromancer began the quest for the
                  | Orb.
     0 | D:1      | Reached XP level 1. HP: 13/13 MP: 3/3
     2 | D:1      | Learned a level 1 spell: Animate Skeleton
   659 | D:1      | Gained mutation: Your flesh is cold resistant. (rC+)
                  | [demonic ancestry]
   659 | D:1      | Reached XP level 2. HP: 19/19 MP: 5/5
  1212 | D:2      | Noticed Natasha
  1227 | D:2      | Slain by Natasha

Vault maps used:
D:1:      saegor_arrival_simple_d
D:2:      minitemple, kennysheep_generic_room_11, uniq_natasha

Action                   || total
-------------------------++-------
Melee: Whip              ||    26
 Cast: Pain              ||    15
       Animate Skeleton  ||     8
 Stab: Sleeping          ||     2
  Eat: Ration            ||     1
       Chunk             ||     2
Armor: Robe              ||     5
Dodge: Dodged            ||    11

Table legend:
 A = Non-vault XP
 B = Vault XP
 C = Vault XP percentage of total XP
 D = Non-vault monster count
 E = Vault monster count
 F = Vault count percentage of total count
                 A         B        C        D         E       F
            +---------+---------+-------+---------+---------+-------
      Total |      18 |       0 |   0.0 |      13 |       0 |   0.0
            +---------+---------+-------+---------+---------+-------
        D:1 |      15 |       0 |   0.0 |      11 |       0 |   0.0
        D:2 |       3 |       0 |   0.0 |       2 |       0 |   0.0
            +---------+---------+-------+---------+---------+-------
